 Dungeon Crawl Stone Soup version 0.32-a0-933-ga8fa3634e4 (webtiles) character file.

Game seed: 1655678579842041700

49 Alarak the Poker (level 3, 31/31 HPs)
             Began as a Gnoll Reaver on Apr 14, 2024.
             Got out of the dungeon alive.
             The game lasted 00:02:13 (1428 turns).

Alarak the Poker (Gnoll Reaver)                     Turns: 1428, Time: 00:02:14

Health: 31/31      AC:  5    Str: 11    XL:     3   Next: 75%
Magic:  9/9        EV: 11    Int: 12    God:
Gold:   33         SH:  4    Dex: 12    Spells: 11/12 levels left

rFire   . . .        a - +0 spear
rCold   . . .        l - +0 buckler
rNeg    . . .        b - +0 leather armour
rPois   .            (no helmet)
rElec   .            (no cloak)
rCorr   .            o - +1 pair of gloves
SInv    .            (no boots)
Will    .....        (no amulet)
Stlth   +            (no ring)
HPRegen 0.25/turn    (no ring)
MPRegen 0.11/turn

%: no passive effects
@: no status effects
A: fangs 1, strong nose, distributed training
a: no special abilities


You escaped.
You visited 1 branch of the dungeon, and saw 2 of its levels.

You collected 33 gold pieces.

Inventory:

Hand Weapons
 a - a +0 spear (weapon)
Missiles
 c - 4 javelins
 e - 4 poisoned darts (quivered)
 g - 6 boomerangs
Armour
 b - a +0 leather armour (worn)
 l - a +0 buckler (worn)
 o - a +1 pair of gloves (worn)
Jewellery
 n - an amulet of regeneration
Scrolls
 j - a scroll of identify
Potions
 d - a potion of heal wounds
 f - a potion of mutation {unknown}
 i - 2 potions of curing {unknown}
 m - a potion of degeneration {unknown}


   Skills:
 + Level 4.6 Fighting
 + Level 1.0 Short Blades
 + Level 1.0 Long Blades
 + Level 1.0 Axes
 + Level 1.0 Maces & Flails
 + Level 6.5 Polearms
 + Level 1.0 Staves
 + Level 1.0 Ranged Weapons
 + Level 1.0 Throwing
 + Level 1.0 Armour
 + Level 4.6 Dodging
 + Level 1.0 Stealth
 + Level 1.0 Shields
 + Level 1.0 Unarmed Combat
 + Level 5.0 Spellcasting
 + Level 5.4 Conjurations
 + Level 0.7 Hexes
 + Level 0.7 Summonings
 + Level 0.7 Necromancy
 + Level 0.7 Translocations
 + Level 0.7 Fire Magic
 + Level 0.7 Ice Magic
 + Level 0.7 Air Magic
 + Level 0.7 Earth Magic
 + Level 0.7 Alchemy
 + Level 1.0 Invocations
 + Level 1.0 Evocations
 + Level 0.8 Shapeshifting


You had 11 spell levels left.
You knew the following spells:

 Your Spells              Type           Power      Damage    Failure   Level
a - Kiss of Death         Conj/Necr      40%        2d8       11%         1

Your spell library contained the following spells:

 Spells                   Type           Power      Damage    Failure   Level
 Momentum Strike          Conj/Tloc      20%        3d8       16%         2
 Hailstorm                Conj/Ice       10%        3d6       32%         3
 Ensorcelled Hibernation  Hex/Ice        8%         N/A       41%         2
 Fugue of the Fallen      Necr           4%         N/A       65%         3
 Anguish                  Hex/Necr       2%         N/A       96%         4


Dungeon Overview and Level Annotations

Branches:
Dungeon (2/15)

Altars:


Innate Abilities, Weirdness & Mutations

You have very sharp teeth.
Your uncanny sense of smell can sniff out nearby items.
Your experience applies equally to all skills.


Message History

No target in view!
No target in view!
No target in view!
No target in view!
No target in view!
No target in view!
No target in view!
No target in view!
No target in view!
No target in view!
No target in view!
No target in view!
No target in view!
No target in view!
No target in view!
No target in view!
No target in view!
No target in view!
No target in view!
No target in view!
No target in view!
No target in view!
No target in view!
No target in view!
No target in view!
No target in view!
There is a stone staircase leading up here.
You climb upwards.
There is a stone staircase leading down here.
Okay, then.
Okay, then.
HP restored.
You see here an oni skeleton.
You see here an armataur skeleton.
You see here a ghoul skeleton.
You see here a minotaur skeleton.
You see here a human skeleton.
There is a staircase leading out of the dungeon here.
Alright, then stay!
You have escaped!

#......# #.####### #.####.#
#.......# #.# #.# #.#####.#
#.####.### #.# #.#
#.#......########### #.#
#.#.##.###⌠....§...# #.#
#.#.##.# #...≈≈≈§≈§###.########
#.#.##.###÷÷÷..§§§§...........#
#......##>÷ß÷.@........######.#
#.....####÷÷÷........### #.#
#.....# #...§≈≈≈≈.### #.#
#.....# #⌠........# #.#
#.....## ############ ####.#
#......## ##.......## ##.##.#
###.#...####.........####...#.#
#........'.........'.........
#.#...####.........####...#.#


There were no monsters in sight!

Vanquished Creatures
  A gnoll (D:1)
  2 ribbon worms (D:2)
  3 dart slugs (D:1)
  A bat (D:2)
  6 endoplasms
  2 giant cockroaches (D:1)
  3 goblins
  4 hobgoblins (D:1)
  A ball python (D:1)
  A kobold (D:1)
  2 rats (D:1)
26 creatures vanquished.

Notes
Turn   | Place    | Note
-------+----------+-------------------------------------------
     0 | D:1      | Alarak the Gnoll Reaver began the quest for the Orb.
     0 | D:1      | Reached XP level 1. HP: 20/20 MP: 6/6
   163 | D:1      | Reached XP level 2. HP: 20/26 MP: 7/7
   748 | D:1      | Reached skill level 5 in Spellcasting
   748 | D:1      | Reached XP level 3. HP: 31/31 MP: 7/9
   833 | D:1      | Reached skill level 1 in Invocations
  1324 | D:2      | Reached skill level 1 in Short Blades
  1324 | D:2      | Reached skill level 1 in Long Blades
  1324 | D:2      | Reached skill level 1 in Axes
  1324 | D:2      | Reached skill level 1 in Maces & Flails
  1324 | D:2      | Reached skill level 1 in Staves
  1324 | D:2      | Reached skill level 1 in Ranged Weapons
  1324 | D:2      | Reached skill level 1 in Throwing
  1324 | D:2      | Reached skill level 1 in Armour
  1324 | D:2      | Reached skill level 1 in Stealth
  1324 | D:2      | Reached skill level 1 in Shields
  1324 | D:2      | Reached skill level 1 in Unarmed Combat
  1324 | D:2      | Reached skill level 1 in Evocations
  1428 | D:$      | Got out of the dungeon alive.

Illustrated notes

Levels and vault maps discovered:
D:1:      dreamdust_arrival_sigmund_warning, layout_loops_corners,
          grunt_decor_cap, minmay_pentomino_r2
D:2:      layout_basic, basic_altar, dreamdust_wishing_well,
          minmay_split_cup_small

Skill      XL: |  1  2  3 |
---------------+----------+-----
Spellcasting   | 5 |  5.0
Invocations    | 1 |  1.0
Short Blades   | 1 |  1.0
Long Blades    | 1 |  1.0
Axes           | 1 |  1.0
Maces & Flails | 1 |  1.0
Staves         | 1 |  1.0
Ranged Weapons | 1 |  1.0
Throwing       | 1 |  1.0
Armour         | 1 |  1.0
Stealth        | 1 |  1.0
Shields        | 1 |  1.0
Unarmed Combat | 1 |  1.0
Evocations     | 1 |  1.0
Fighting       | |  4.6
Polearms       | |  6.5
Dodging        | |  4.6
Conjurations   | |  5.4
Hexes          | |  0.7
Summonings     | |  0.7
Necromancy     | |  0.7
Translocations | |  0.7
Fire Magic     | |  0.7
Ice Magic      | |  0.7
Air Magic      | |  0.7
Earth Magic    | |  0.7
Alchemy        | |  0.7
Shapeshifting  | |  0.8

Action                     || total
---------------------------++-------
  Melee: Spear             ||   117
         Bite              ||    11
  Throw: Dart              ||     1
    Use: Scroll            ||     3
 Armour: Leather armour    ||    30
  Dodge: Dodged            ||    35

Table legend: (Time is in decaauts)
 A = Elapsed time spent in this place.
 B = Non-inter-level travel time spent in this place.
 C = Inter-level travel time spent in this place.
 D = Time resting spent in this place.
 E = Time spent auto-exploring this place.
 F = Levels seen in this place.
 G = Mean time per level.
                   A        B        C        D        E       F      G
               +--------+--------+--------+--------+--------+-----+--------+
         Total |   1405 |   1273 |    132 |      0 |   1077 |   2 |  702.5 |
       Dungeon |   1405 |   1273 |    132 |      0 |   1077 |   2 |  702.5 |
               +--------+--------+--------+--------+--------+-----+--------+

Top non-repeatable levels by time:
     D:1: 1111 daAuts
     D:2: 293 daAuts
